 Dungeon Crawl Stone Soup version 0.17-a0-1650-gce8475a (webtiles) character file.

83925 karlkraus the Peltast (level 15, 0/134 HPs)
             Began as a Minotaur Fighter on Aug 13, 2015.
             Killed from afar by a raiju (10 damage)
             ... with a living lightning
             ... on level 4 of the Orcish Mines.
             The game lasted 01:17:52 (21492 turns).

karlkraus the Peltast (Minotaur Fighter)           Turns: 21492, Time: 01:17:53

Health: 0/134      AC: 23    Str: 33    XL:     15   Next: 33%
Magic:  5/5        EV: 12    Int:  7    God:
Gold:   2413       SH: 33    Dex: 14    Spells: 0 memorised, 14 levels left

rFire  + . .     SeeInvis .     l - +2 hammer of Action {flame, +Fly MP-9 Str+7}
rCold  . . .     Clarity  .     J - +1 plate armour
rNeg   . . .     SustAt   .     t - +8 large shield
rPois  .         Gourm    .     u - +2 hat
rElec  .         Spirit   .     o - +2 cloak {+Inv}
rCorr  .         Warding  .     P - +0 pair of gloves {Str+3}
rMut   .         Stasis   .     (no boots)
MR     ++...                    v - amulet of faith
Stlth  ..........               S - ring of protection from fire
                                Q - ring of protection from magic

@: about to teleport, very slightly contaminated, very resistant to hostile
enchantments, extremely unstealthy
A: retaliatory headbutt, horns 2, camouflage 1, clever 1
a: Evoke Invisibility, Evoke Flight


You were on level 4 of the Orcish Mines.
You were not hungry.

You visited 3 branches of the dungeon, and saw 24 of its levels.
You visited the Abyss 1 time.
You also visited: Ossuary.

You collected 2938 gold pieces.
You spent 525 gold pieces at shops.

Inventory:

Hand weapons
 b - a +4 flail of holy wrath
 l - the +2 hammer of Action (weapon) {flame, +Fly MP-9 Str+7}
   (You found it on level 5 of the Dungeon)

   It has been specially enchanted to burn those struck by it, causing extra
   injury to most foes and up to half again as much damage against particularly
   susceptible opponents.
   It affects your strength (+7).
   It affects your magic capacity (-9).
   It lets you fly.
 E - the +3 flail of Terror {vamp, rF+ rN+ MP+9}
   (You found it on level 12 of the Dungeon)

   It inflicts no extra harm, but heals its wielder somewhat when it strikes a
   living foe.
   It protects you from fire.
   It protects you from negative energy.
   It affects your magic capacity (+9).
Armour
 o - a +2 cloak of invisibility (worn)
 t - a +8 large shield (worn)
 u - a +2 hat (worn)
 J - a +1 plate armour (worn)
 N - a +2 pair of gloves
 P - a +0 pair of gloves of strength (worn)
 W - a +0 mottled dragon armour
 Y - a troll hide
Jewellery
 m - an uncursed ring of ice
 v - an amulet of faith (around neck)
 y - an uncursed ring of protection from fire
 L - an uncursed ring of positive energy
 Q - a ring of protection from magic (left hand)
 S - a ring of protection from fire (right hand)
Magical devices
 c - a wand of heal wounds (0)
Scrolls
 d - 8 scrolls of remove curse
 g - 4 scrolls of enchant weapon
 j - a scroll of amnesia
 n - 6 scrolls of teleportation
 x - 4 scrolls of fog
 z - a scroll of summoning
 B - a scroll of magic mapping
 C - 3 scrolls of blinking
 H - 2 scrolls of recharging
 I - 2 scrolls of fear
Potions
 a - a potion of agility
 f - 2 potions of cancellation
 h - 2 potions of invisibility
 i - 6 potions of brilliance
 p - 3 potions of flight
 s - a potion of lignification
 w - 6 potions of curing
 A - 5 potions of berserk rage
 F - a potion of magic
 K - a potion of ambrosia
 O - a potion of haste
 T - 4 potions of might
 U - a potion of resistance {unknown}
 V - 2 potions of cure mutation
Books
 D - the Almanac of Creation
   (You found it on level 6 of the Lair of Beasts)

   Spells                             Type                      Level
   a - Summon Butterflies             Summoning                    1
   b - Summon Small Mammal            Summoning                    1
   c - Summon Forest                  Summoning/Translocation      5
   d - Dragon's Call                  Summoning                    9
Comestibles
 e - 12 bread rations
 k - 3 beef jerkies
 r - 15 fruits
 G - 12 meat rations
 R - 8 slices of pizza


   Skills:
 + Level 12.3 Fighting
 + Level 14.0 Maces & Flails
 + Level 12.6 Armour
 + Level 8.5 Dodging
 + Level 4.9 Stealth
 + Level 20.5 Shields


You had 14 spell levels left.
You didn't know any spells.

Dungeon Overview and Level Annotations

Branches:
Dungeon (12/15)            Temple (0/1) D:4            Lair (8/8) D:10
 Shoals (0/4) Lair:5        Snake (0/4) Lair:5        Slime (0/6) Lair:8
    Orc (4/4) D:12            Elf (0/3) Orc:3

Altars:
Cheibriados
Gozag
Makhleb
Nemelex Xobeh
Okawaru
Qazlal
Sif Muna
Trog
Vehumet
Beogh

Shops:
Orc:1 (   Orc:3 !   Orc:4 (??!

Annotations:
Orc:4 Azrael


Innate Abilities, Weirdness & Mutations

You reflexively headbutt those who attack you in melee.
You have a pair of horns on your head.
Your skin changes colour to match your surroundings (Stealth).
Your mind is acute. (Int +2)


Message History

Zapping:
c - a wand of heal wounds (1)
Press: ? - help, Shift-Dir - straight line, f - you You feel much better.
This wand has 0 charges left.
You block the raiju's attack.
The raiju bursts into living lightning!
The living lightning misses you.
The raiju blinks!
Read which item? (? for menu, Esc to quit)
As you read the scroll of teleportation, it crumbles to dust.
You feel strangely unstable. You block the raiju's attack.
You block the two-headed ogre's attack. x2
The raiju closely misses you. You furiously retaliate!
You headbutt the raiju.
The raiju bursts into living lightning!
The living lightning misses the fire elemental.
The living lightning hits you!
* * * LOW HITPOINT WARNING * * *
The living lightning hits the raiju.
The raiju completely resists.
The raiju blinks! x3
The raiju bursts into living lightning!
The living lightning hits you!
You die...

##...## #...
##############.....## ###...
##..........#.##.....# #.#...
#.....)..)..))).....## ##.....
...###..###.[......## #......
##....###..#...### ##....#.
#......##..#.....####.....##
##......##..#......##.......#
#........#..@.h....###.....))
#...))...#....h.....###.....)
#....)...#..hO..##.## ##..... .
#....)...#....#.##.## ##....
..#......§.#..........# ##...
......∩∩..§E.........### ##..
....§§∩∩.oo............## ###..
..#...EO...#....#.##..).###....
..#...o....#....##.....###.....


You could see 3 raiju, a fire elemental, a two-headed ogre and an orc warrior.

Vanquished Creatures
  A bone dragon (Abyss:1)
  Rupert (Lair:6)
  A tentacled starspawn (Abyss:1)
  Maud (Lair:4)
  Nessos (Orc:3)
  Snorg (Orc:2)
  A fire dragon (Lair:4)
  Josephine (Orc:3)
  Fannar (Orc:1)
  10 hydras
  Harold (Orc:3)
  Erolcha (Orc:2)
  The ghost of kae the Grappler, a powerful DrTm of Qazlal (Lair:1)
  3 ogre magi (Orc:4)
  3 death yaks (Lair:7)
  Urug (Orc:4)
  Nergalle (Orc:3)
  A wretched star (Abyss:1)
  A hill giant (D:11)
  2 lindwurms
  An orc sorcerer (Orc:3)
  3 orc knights
  2 unseen horrors (D:11)
  5 griffons
  4 black mambas
  3 elephants (Lair:3)
  A sixfirhy (Abyss:1)
  Joseph (D:10)
  An apocalypse crab (Abyss:1)
  35 spiny frogs
  Psyche (D:11)
  4 fire drakes
  4 trolls
  The ghost of kae the Conjurer, an experienced TeFE (D:4)
  8 komodo dragons
  A giant leech (Lair:8)
  15 two-headed ogres
  3 wyverns (D:10)
  13 blink frogs
  33 yaks
  2 basilisks
  2 ynoxinuls (Abyss:1)
  4 wraiths (Orc:3)
  6 hippogriffs
  A hungry ghost (D:9)
  14 wolves
  7 vampire mosquitoes
  2 small abominations (Abyss:1)
  Edmund (D:6)
  A steam dragon (Lair:5)
  14 water moccasins
  A mottled dragon (D:12)
  3 sky beasts
  A merfolk skeleton (Abyss:1)
  14 orc warriors
  3 black bears
  8 porcupines
  2 necrophages
  37 ogres
  7 centaurs
  2 ice beasts (D:9)
  3 large abominations (Abyss:1)
  5 big kobolds
  17 crocodiles
  An elf zombie (Ossuary)
  A brain worm (Lair:8)
  Blork the orc (Orc:4)
  40 giant frogs
  A wyvern zombie (D:9)
  A water moccasin zombie (D:9)
  A wyvern skeleton (D:9)
  17 killer bees
  8 wights
  4 electric eels
  2 crimson imps
  A giant frog zombie (D:11)
  5 centaur zombies
  3 human zombies (Ossuary)
  4 iguanas
  30 orc priests
  3 jellies
  Crazy Yiuf (D:5)
  3 centaur skeletons
  13 hounds
  29 orc wizards
  A giant frog skeleton (D:12)
  8 worker ants
  13 sheep
  A killer bee zombie (D:6)
  2 hound zombies
  2 mummies (Ossuary)
  11 gnolls
  A hound skeleton (D:11)
  37 river rats
  9 adders
  3 shadow imps
  4 oozes
  An adder skeleton (D:9)
  4 adder zombies
  2 worms (D:2)
  4 giant geckos
  144 orcs
  A ball python (D:1)
  8 bats
  4 giant cockroaches
  7 goblins
  7 hobgoblins
  7 jackals
  A quokka (D:2)
  A giant gecko skeleton (D:4)
  3 giant newts
  A goblin zombie (Ossuary)
  10 hobgoblin zombies (Ossuary)
  3 jackal zombies
  16 kobolds
  6 kobold zombies (Ossuary)
  8 orc zombies (Ossuary)
  A quokka zombie (D:5)
  6 rats
  A fungus (D:5)
  A plant (Lair:8)
838 creatures vanquished.

Vanquished Creatures (others)
  A hippogriff (Lair:8)
  A small abomination (Abyss:1)
  An orc priest (Orc:4)
  11 orcs
  24 fungi
  27 plants
  2 starspawn tentacles (Abyss:1)
  67 starspawn tentacle segments (Abyss:1)
134 creatures vanquished.

Grand Total: 972 creatures vanquished

Notes
Turn   | Place    | Note
--------------------------------------------------------------
     0 | D:1      | karlkraus the Minotaur Fighter began the quest for the Orb.
     0 | D:1      | Reached XP level 1. HP: 19/19 MP: 0/0
   316 | D:1      | Reached skill level 4 in Armour
   327 | D:1      | Reached XP level 2. HP: 25/27 MP: 1/1
   881 | D:2      | Found an iron altar of Okawaru.
   889 | D:2      | Reached XP level 3. HP: 26/33 MP: 2/2
   894 | D:2      | Reached skill level 1 in Dodging
   911 | D:2      | Reached XP level 4. HP: 13/40 MP: 3/3
  1103 | D:2      | Found a stormy altar of Qazlal.
  1477 | D:2      | Found a burning altar of Makhleb.
  1479 | D:2      | Noticed a green death
  1483 | D:2      | Noticed an orange demon
  1483 | D:2      | Noticed a neqoxec
  1612 | D:3      | Reached XP level 5. HP: 27/47 MP: 4/4
  1628 | D:3      | Reached skill level 5 in Armour
  1628 | D:3      | Reached skill level 5 in Shields
  1740 | D:3      | Found a snail-covered altar of Cheibriados.
  2119 | D:3      | Reached skill level 7 in Fighting
  2119 | D:3      | Reached skill level 5 in Dodging
  2119 | D:3      | Reached XP level 6. HP: 54/60 MP: 5/5
  2633 | D:4      | Reached XP level 7. HP: 66/66 MP: 6/6
  2755 | D:4      | Noticed kae's ghost (experienced TeFE)
  2762 | D:4      | Killed kae's ghost
  2762 | D:4      | Reached skill level 8 in Shields
  3075 | D:4      | Found a sparkling altar of Nemelex Xobeh.
  3155 | D:4      | Found a staircase to the Ecumenical Temple.
  3203 | D:5      | Entered Level 5 of the Dungeon
  3304 | D:5      | Got a jewelled ring mail
  3315 | D:5      | Identified the +1 ring mail of Starshine {rF- rC+ Dex-5 Stlth+} (You found it on level 5 of the Dungeon)
  3333 | D:5      | Found a deep blue altar of Sif Muna.
  3531 | D:5      | Noticed Crazy Yiuf
  3539 | D:5      | Killed Crazy Yiuf
  3544 | D:5      | Got an ichor-stained hammer
  3545 | D:5      | Identified the +2 hammer of Action {flame, +Fly MP-9 Str+7} (You found it on level 5 of the Dungeon)
  3817 | D:5      | Reached XP level 8. HP: 74/74 MP: 0/7
  4178 | D:6      | Found a sand-covered staircase.
  4189 | Ossuary  | Entered an ossuary
  4298 | Ossuary  | Reached skill level 9 in Shields
  4531 | D:6      | Reached XP level 9. HP: 42/81 MP: 0/8
  4749 | D:6      | Found a bloodstained altar of Trog.
  4940 | D:6      | Noticed Edmund
  4950 | D:6      | Killed Edmund
  5322 | D:7      | Gained mutation: Potions and wands are less effective at restoring your health. [mutagenic meat]
  5738 | D:8      | Reached skill level 10 in Shields
  5911 | D:8      | Found a radiant altar of Vehumet.
  6048 | D:8      | Noticed a three-headed hydra
  6057 | D:8      | Killed a three-headed hydra
  6057 | D:8      | Reached skill level 11 in Shields
  6057 | D:8      | Reached XP level 10. HP: 79/88 MP: 0/9
  7240 | D:10     | Entered Level 10 of the Dungeon
  7503 | D:10     | Noticed Joseph
  7523 | D:10     | Killed Joseph
  7523 | D:10     | Reached skill level 12 in Shields
  7721 | D:10     | Reached XP level 11. HP: 95/95 MP: 1/10
  7824 | D:10     | Gained mutation: Armour fits poorly on your strangely shaped body. [mutagenic meat]
  7825 | D:10     | Gained mutation: Your mind is acute. (Int +2) [mutagenic meat]
  7826 | D:10     | Lost mutation: Your mind is acute. (Int +2) [mutagenic meat]
  7827 | D:10     | Gained mutation: Scrolls take you a little longer to read. [mutagenic meat]
  7844 | D:10     | Found a staircase to the Lair.
  8012 | Lair:1   | Entered Level 1 of the Lair of Beasts
  8020 | Lair:1   | Noticed kae's ghost (powerful DrTm)
  8053 | Lair:1   | Killed kae's ghost
  8118 | Lair:1   | Reached skill level 13 in Shields
  8370 | Lair:1   | Reached skill level 10 in Maces & Flails
  9341 | Lair:2   | Reached skill level 14 in Shields
  9834 | Lair:3   | Reached XP level 12. HP: 97/105 MP: 2/11
 10153 | Lair:3   | Reached skill level 15 in Shields
 10685 | Lair:4   | Noticed Maud
 10712 | Lair:4   | Killed Maud
 10712 | Lair:4   | Reached skill level 10 in Armour
 10930 | Lair:4   | Noticed a fire dragon
 10947 | Lair:4   | Killed a fire dragon
 11303 | Lair:4   | Reached skill level 10 in Fighting
 11600 | Lair:4   | Noticed a five-headed hydra
 11608 | Lair:4   | Killed a five-headed hydra
 11823 | Lair:4   | Noticed a four-headed hydra
 11833 | Lair:4   | Killed a four-headed hydra
 11833 | Lair:4   | Reached skill level 16 in Shields
 12136 | Lair:5   | Found a staircase to the Shoals.
 12282 | Lair:5   | Found a staircase to the Snake Pit.
 12306 | Lair:5   | Noticed a seven-headed hydra
 12324 | Lair:5   | Killed a seven-headed hydra
 12324 | Lair:5   | Reached XP level 13. HP: 22/114 MP: 3/12
 13372 | Lair:6   | You fall through a shaft for 2 floors!
 13372 | Lair:8   | Entered Level 8 of the Lair of Beasts
 13607 | Lair:8   | Found a staircase to the Slime Pits.
 13620 | Lair:8   | Reached skill level 17 in Shields
 14812 | Lair:8   | Reached skill level 18 in Shields
 14954 | Lair:8   | Lost mutation: Armour fits poorly on your strangely shaped body. [potion of cure mutation]
 14954 | Lair:8   | Lost mutation: Scrolls take you a little longer to read. [potion of cure mutation]
 14954 | Lair:8   | Lost mutation: Potions and wands are less effective at restoring your health. [potion of cure mutation]
 15057 | Lair:7   | Found a radiant altar of Vehumet.
 15148 | Lair:7   | Reached XP level 14. HP: 96/124 MP: 4/13
 16239 | Lair:6   | Identified the Almanac of Creation
 16330 | Lair:6   | Noticed Rupert
 16372 | Lair:6   | Killed Rupert
 17167 | D:11     | Reached skill level 19 in Shields
 17293 | D:11     | Noticed Psyche
 17299 | D:11     | Killed Psyche
 17762 | D:12     | Got a transparent flail
 18107 | D:12     | Found an opulent altar of Gozag.
 18393 | D:12     | Found a staircase to the Orcish Mines.
 18439 | D:12     | Identified the cursed +3 flail of Terror {vamp, rF+ rN+ MP+9} (You found it on level 12 of the Dungeon)
 18590 | Orc:1    | Entered Level 1 of the Orcish Mines
 18648 | Orc:1    | Found Geronkou's Weapon Emporium.
 18659 | Orc:1    | Noticed Fannar
 18676 | Orc:1    | Killed Fannar
 18724 | Orc:2    | Noticed Snorg
 18735 | Orc:2    | Noticed Erolcha
 18754 | Orc:2    | Killed Snorg
 18771 | Orc:2    | Killed Erolcha
 19068 | Orc:1    | Found a roughly hewn altar of Beogh.
 19472 | Orc:3    | Found Pourr's Distillery.
 19518 | Orc:3    | Bought a potion of cure mutation for 490 gold pieces
 19518 | Orc:3    | Bought a potion of mutation for 35 gold pieces
 19518 | Orc:3    | Gained mutation: You possess an exceptional clarity of mind. [potion of mutation]
 19518 | Orc:3    | Gained mutation: Your mind is acute. (Int +2) [potion of mutation]
 19546 | Orc:3    | Found a staircase to the Elven Halls.
 19591 | Orc:3    | Noticed Harold
 19618 | Orc:3    | Killed Harold
 19825 | Orc:3    | Noticed Nessos
 19840 | Orc:3    | Killed Nessos
 19919 | Orc:3    | Noticed Nergalle
 19938 | Orc:3    | Killed Nergalle
 20064 | Orc:3    | Noticed Josephine
 20087 | Orc:3    | Killed Josephine
 20335 | Orc:4    | Entered Level 4 of the Orcish Mines
 20461 | Orc:4    | Noticed Blork the orc
 20469 | Orc:4    | Killed Blork the orc
 20529 | Orc:4    | Noticed Urug
 20544 | Orc:4    | Killed Urug
 20753 | Orc:4    | Reached XP level 15. HP: 124/132 MP: 5/14
 20783 | Orc:4    | Reached skill level 20 in Shields
 21031 | Orc:4    | Found Alen's Magic Scroll Boutique.
 21031 | Orc:4    | Found Nopt's Weapon Shoppe.
 21032 | Orc:4    | Found Malacampo's Distillery.
 21032 | Orc:4    | Found Fuoku's Magic Scroll Boutique.
 21048 | Orc:4    | Noticed Azrael
 21050 | Orc:4    | Cast into the Abyss (an ogre mage)
 21211 | Abyss:1  | Noticed a bone dragon
 21222 | Abyss:1  | Paralysed by you for 2 turns
 21262 | Abyss:1  | Killed a bone dragon
 21397 | Abyss:1  | Gained mutation: Your skin changes colour to match your surroundings (Stealth). [mutagenic meat]
 21398 | Abyss:1  | Lost mutation: You possess an exceptional clarity of mind. [mutagenic meat]
 21456 | Abyss:1  | Noticed a tentacled starspawn
 21473 | Abyss:1  | Killed a tentacled starspawn
 21482 | Abyss:1  | HP: 2/134 [raiju/living lightning (11)]
 21488 | Orc:4    | Escaped the Abyss
 21489 | Orc:4    | HP: 4/134 [raiju/living lightning (11)]
 21492 | Orc:4    | Killed from afar by a raiju

Vault maps used:
D:1:      elethiomel_arrival_maze, nrook_mini_backslash,
          minmay_misc_feat_pillars
D:2:      makhleb_altar_promises_db, nicolae_overflow_hidden_temple,
          overflow_temple_1_default
D:3:      cheibriados_altar_1
D:4:      lemuel_doored_altar, minmay_temple_entry_from_below_b
D:5:      kennysheep_mini, first_bread, kennysheep_generic_room_9,
          uniq_crazy_yiuf_cottage
D:6:      enter_ossuary_3, basic_altar, uniq_edmund
D:8:      vehumet_altar_wand_db, hangedman_ranch
D:10:     erik_lair_island, abandoned_shop, uniq_joseph
D:11:     nicolae_sextant, uniq_psyche
D:12:     orc_0_dummy, basic_altar, serial_bayou_pond_d
Lair:2:   grunt_megastairs_3
Lair:3:   infiniplex_staircase_pool, grunt_megastairs_2
Lair:4:   dragon1_lemuel, hangedman_lair_unloving_vines,
          hangedman_lair_generics_rect, uniq_maud
Lair:5:   minmay_shoals_entry_centaurs, dummy_snake_entry
Lair:6:   infiniplex_staircase_pool_2, uniq_rupert
Lair:7:   basic_altar
Lair:8:   minmay_lair_end_frog_pond, nicolae_slime_entry_slimehenge
Orc:1:    basic_altar, serial_shops, shop, uniq_fannar
Orc:2:    uniq_snorg, uniq_erolcha
Orc:3:    serial_shops, shop, nicolae_orc_pool_cavern, uniq_josephine,
          uniq_harold, uniq_nergalle, uniq_nessos
Orc:4:    st_orc_ogre_mass, sword_in_stone, uniq_azrael
Abyss:1:  bh_abyss_exit_spiral
Ossuary:  ossuary_tomb_1

Action                   |  1- 3 |  4- 6 |  7- 9 | 10-12 | 13-15 || total
-------------------------+-------+-------+-------+-------+-------++-------
Melee: Flail             |    64 |   135 |    59 |       |       ||   258
       Hammer            |       |       |   350 |   952 |  1822 ||  3124
Evoke: Wand              |       |       |       |       |     4 ||     4
  Use: Scroll            |       |    18 |     4 |     7 |    19 ||    48
       Potion            |       |     1 |     2 |     5 |    13 ||    21
 Stab: Invisible         |       |       |       |     4 |       ||     4
  Eat: Chunk             |       |     2 |    12 |    24 |    29 ||    67
       Pizza             |       |     2 |       |       |       ||     2
       Fruit             |       |       |     1 |     2 |     4 ||     7
       Royal jelly       |       |       |       |       |     1 ||     1
